 Dungeon Crawl Stone Soup version 0.23-a0-305-g7ffd15e (webtiles) character file.

128 galech the Shield-Bearer (level 4, -2/35 HPs)
             Began as a Demonspawn Fighter on Oct 9, 2018.
             Slain by a sky beast (5 damage)
             ... on level 3 of the Dungeon.
             The game lasted 00:02:56 (1603 turns).

galech the Shield-Bearer (Demonspawn Fighter)       Turns: 1603, Time: 00:02:57

Health: -2/35      AC:  9    Str: 16    XL:     4   Next: 87%
Magic:  4/4        EV:  4    Int: 10    God:
Gold:   169        SH: 13    Dex: 13    Spells: 3/3 levels left

rFire    . . .     SeeInvis .   a - +0 war axe
rCold    + . .     Gourm    .   c - +0 shield
rNeg     . . .     Faith    .   m - +0 chain mail
rPois    .         Spirit   .   (no helmet)
rElec    .         Reflect  .   (no cloak)
rCorr    .         Harm     .   (no gloves)
MR       .....                  (no boots)
Stlth    ..........             (no amulet)
HPRegen  0.11/turn              i - ring of protection from cold
MPRegen  0.09/turn              (no ring)

@: no status effects
A: large bone plates 1
a: no special abilities


You were on level 3 of the Dungeon.
You were not hungry.

You visited 1 branch of the dungeon, and saw 3 of its levels.

You collected 169 gold pieces.

Inventory:

Hand Weapons
 a - a +0 war axe (weapon)
Armour
 c - a +0 shield (worn)
 m - a +0 chain mail (worn)
Jewellery
 i - a ring of protection from cold (left hand)
Scrolls
 b - 3 scrolls of remove curse {unknown}
 e - a scroll of enchant weapon {unknown}
 j - 5 scrolls of identify {unknown}
 n - a scroll of fear {unknown}
 q - a scroll of teleportation {unknown}
 r - a scroll of amnesia {unknown}
 s - a scroll of immolation {unknown}
Potions
 d - 2 potions of might
 h - 2 potions of degeneration {unknown}
 k - a potion of lignification {unknown}
 l - a potion of flight {unknown}
 o - a potion of agility {unknown}
 p - a potion of brilliance {unknown}
 t - a potion of heal wounds {unknown}
Comestibles
 f - 3 rations
 g - 2 chunks of flesh


   Skills:
 + Level 3.5 Fighting
 + Level 2.7 Axes
 + Level 3.3 Armour
 + Level 0.4 Dodging
 + Level 3.6 Shields


You had 3 spell levels left.
You didn't know any spells.
Your spell library was empty.

Dungeon Overview and Level Annotations

Branches:
Dungeon (3/15)

Altars:
Nemelex Xobeh
Sif Muna


Innate Abilities, Weirdness & Mutations

You are partially covered in large bone plates. (SH +4)


Message History

You closely miss the sky beast. You block the orc wizard's attack. x2
The sky beast hits you. The sky beast shocks you.
* * * LOW HITPOINT WARNING * * *
The orc wizard hits you but does no damage.
You slash the orc wizard!
You kill the orc wizard!
You closely miss the sky beast.
The sky beast flickers out of sight!
Deactivating autopickup; reactivate with Ctrl-A.
Something hits you but does no damage. x2
Unknown command.
Something hits you but does no damage.
Things that are here:
a dagger; a runed robe; a smoky white potion You miss something.
Something hits you but does no damage.
Your shield and chain mail prevent you from hitting something.
You block something's attack. Something hits you but does no damage.
You slash something! Something hits you.
* * * LOW HITPOINT WARNING * * *
Something shocks you.
You die...

###...#...#...#...#..#
#..#
#..................._#
###...##
#.#...#...#..÷#...#..#
.......
#...............)....#
#.#. #.
#.####################
... #. #...........####
#.# #. #######.###)...#
#.###.###o
#.....#..#.###'#
#.....o.Y.
#..##.#..#{@...##
#####Y####
#.#.#.#..#..#...## #÷#
#..##.##....#....######(#
#.....#####.#..#...{o...#
##.#### #....#s########
##.## ###..#.#
#...##########...#
#.#..............#
#...##########.###


There were no monsters in sight!

Vanquished Creatures
  An orc wizard (D:3)
  An adder (D:2)
  2 oozes
  2 worms (D:2)
  A dart slug (D:2)
  2 leopard geckos
  3 orcs (D:3)
  5 bats
  5 giant cockroaches
  6 goblins
  8 hobgoblins
  12 jackals
  6 kobolds
  A quokka (D:3)
  A ball python (D:3)
  3 frilled lizards
  4 rats
63 creatures vanquished.

Notes
Turn   | Place    | Note
-------+----------+-------------------------------------------
     0 | D:1      | galech the Demonspawn Fighter began the quest for the Orb.
     0 | D:1      | Reached XP level 1. HP: 18/18 MP: 1/1
    56 | D:1      | Gained mutation: You are partially covered in large bone
                  | plates. (SH +4) [demonic ancestry]
    56 | D:1      | Reached XP level 2. HP: 21/24 MP: 2/2
   331 | D:1      | Reached XP level 3. HP: 29/29 MP: 3/3
   880 | D:2      | Reached XP level 4. HP: 27/35 MP: 4/4
  1504 | D:3      | Found a sparkling altar of Nemelex Xobeh.
  1504 | D:3      | Noticed a sky beast
  1530 | D:3      | Found a deep blue altar of Sif Muna.
  1603 | D:3      | Slain by a sky beast

Vault maps used:
D:1:      minmay_arrival_statue_studded, minivault_24
D:2:      minmay_tromino_v4_b
D:3:      lemuel_coloured_pillars_altar, gammafunk_temple_overflow_pools,
          nicolae_overflow_crystal_walls, minmay_misc_feat_columns

Skill      XL: |  1  2  3 |
---------------+----------+-----
Armour         | 3 |  3.3
Shields        | 3 |  3.6
Axes           | 2 |  2.7
Fighting       | |  3.5
Dodging        | |  0.4

Action                   |  1- 3 |  4- 6 || total
-------------------------+-------+-------++-------
Melee: War axe           |   141 |    83 ||   224
  Eat: Chunk             |       |     3 ||     3
Armor: Scale mail        |    33 |       ||    33
       Chain mail        |    47 |    55 ||   102
Dodge: Dodged            |    21 |    13 ||    34
Block: Shield            |   104 |    76 ||   180

Table legend:
 A = Non-vault XP
 B = Vault XP
 C = Vault XP percentage of total XP
 D = Non-vault monster count
 E = Vault monster count
 F = Vault count percentage of total count
                 A         B        C        D         E       F
            +---------+---------+-------+---------+---------+-------
      Total |     182 |       2 |   1.1 |      62 |       1 |   1.6
            +---------+---------+-------+---------+---------+-------
        D:1 |      44 |       0 |   0.0 |      22 |       0 |   0.0
        D:2 |      71 |       2 |   2.7 |      26 |       1 |   3.7
        D:3 |      67 |       0 |   0.0 |      14 |       0 |   0.0
            +---------+---------+-------+---------+---------+-------
